 Dungeon Crawl Stone Soup version 0.21.0 (webtiles) character file.

120633 edsrzf the Bludgeoner (level 17, -3/139 HPs)
             Began as a Formicid Conjurer on Jan 20, 2018.
             Was the Champion of Vehumet.
             Engulfed by a cloud of freezing vapour (24 damage)
             ... on level 2 of the Shoals.
             The game lasted 01:55:50 (33564 turns).

edsrzf the Bludgeoner (Formicid Conjurer)          Turns: 33564, Time: 01:55:50

Health: -3/139     AC: 30    Str: 21    XL:     17   Next: 37%
Magic:  33/33      EV:  9    Int: 19    God:    Vehumet [******]
Gold:   2615       SH: 11    Dex: 13    Spells: 25/40 levels left

rFire    . . .     SeeInvis +   a - +6 great mace
rCold    . . .     Gourm    .   C - +0 shield
rNeg     . . .     Faith    .   N - +8 plate armour "Zioq" {Str+9}
rPois    .         Spirit   .   (helmet unavailable)
rElec    .         Reflect  .   q - +1 cloak
rCorr    +         Harm     +   (no gloves)
MR       +....                  E - +1 pair of boots "Ylev Wat" {*Contam +Fly Str-4 Slay+6}
Stlth    ..........             v - amulet of harm
HPRegen  0.33/turn              H - +1 ring of protection
MPRegen  0.23/turn              p - ring of resist corrosion

@: flying
A: permanent stasis, dig shafts and tunnels, four strong arms, antennae 3, agile
1
a: Dig, Shaft Self, Renounce Religion, Stop Flying


You were on level 2 of the Shoals.
You worshipped Vehumet.
Vehumet was exalted by your worship.
You were not hungry.

You visited 5 branches of the dungeon, and saw 26 of its levels.
You also visited: Ossuary.

You collected 2747 gold pieces.
You spent 132 gold pieces at shops.

Inventory:

Hand Weapons
 a - a +6 great mace (weapon)
Missiles
 O - 3 throwing nets {=f}
Armour
 f - +0 pearl dragon scales
 q - a +1 cloak (worn)
 C - a +0 shield (worn)
 E - the +1 pair of boots "Ylev Wat" (worn) {*Contam +Fly Str-4 Slay+6}
   (You found it on level 6 of the Dungeon)

   It affects your strength (-4).
   It affects your accuracy and damage with ranged weapons and melee attacks
   (+6).
   It lets you fly.
   It causes magical contamination when unequipped.
 N - the +8 plate armour "Zioq" (worn) {Str+9}
   (You found it on level 2 of the Lair of Beasts)

   It affects your strength (+9).
Jewellery
 p - a ring of resist corrosion (right hand)
 v - an amulet of harm (around neck)
 H - a +1 ring of protection (left hand)
 Q - an uncursed amulet of guardian spirit
Wands
 d - a wand of digging (14)
 t - a wand of flame (53)
 F - a wand of iceblast (33)
 K - a wand of enslavement (5)
 U - a wand of acid (22)
 W - a wand of paralysis (16)
Scrolls
 b - 3 scrolls of identify {@r1}
 g - a scroll of vulnerability
 h - 2 scrolls of fog
 j - 15 scrolls of remove curse {@r2}
 y - 3 scrolls of amnesia
 A - 2 scrolls of magic mapping
 G - 2 scrolls of holy word
Potions
 e - 5 potions of brilliance
 i - 5 potions of lignification
 m - a potion of cancellation
 n - a potion of might
 r - 3 potions of agility
 s - 2 potions of magic
 w - 4 potions of flight
 z - 2 potions of mutation {!q}
Books
 o - a book of Conjurations
 B - a book of Necromancy
 D - a book of Cantrips
 I - a book of the Earth
 J - a book of Callings
 R - a book of Spatial Translocations
 X - a book of Misfortune
 Z - a book of Summonings
Comestibles
 c - 27 rations
 k - 2 chunks of flesh


   Skills:
 - Level 14.1 Fighting
 + Level 15.0 Maces & Flails
 - Level 13.1 Armour
 - Level 5.4 Dodging
 - Level 2.4 Stealth
 - Level 9.1 Shields
 - Level 12.1 Spellcasting
 - Level 7.2 Conjurations
 - Level 5.9 Earth Magic
 - Level 3.0 Poison Magic
 - Level 6.1 Evocations


You had 25 spell levels left.
You knew the following spells:

 Your Spells              Type           Power        Failure   Level  Hunger
a - Regeneration          Chrm/Necr      ##........   91%         3    None
g - Sting                 Conj/Pois      ####         2%          1    None
l - Lee's Rapid Deconstr  Erth           ####......   38%         5    ####...
r - Searing Ray           Conj           #####.       1%          2    None
x - Magic Dart            Conj           ####         1%          1    None
z - Dazzling Spray        Conj/Hex       ####..       13%         3    None


Dungeon Overview and Level Annotations

Branches:
Dungeon (15/15)            Temple (1/1) D:7            Lair (6/6) D:8
 Shoals (2/4) Lair:4        Snake (0/4) Lair:4        Slime (0/5) Lair:5
    Orc (2/2) D:10            Elf (0/3) Orc:2        Vaults (0/5) D:13
 Depths (0/5) D:15

Altars:
Ashenzari
Cheibriados
Dithmenos
Elyvilon
Fedhas
Gozag
Hepliaklqana
Kikubaaqudgha
Makhleb
Nemelex Xobeh
Okawaru
Qazlal
Ru
Sif Muna
Trog
Uskayaw
Vehumet
Wu Jian
Xom
Yredelemnul
Zin
The Shining One
Beogh
Jiyva

Shops:
D:10 %   Orc:1 (   Orc:2 *[(%

Portals:
Bazaar: Shoals:2

Annotations:
D:2 Sigmund
Lair:2 Gastronok


Innate Abilities, Weirdness & Mutations

You cannot be hasted, slowed, berserked, paralysed or teleported.
You can dig through walls and to a lower floor.
Your four strong arms can wield two-handed weapons with a shield.
You have a pair of large antennae on your head. (SInv)
You are agile. (Dex +2)


Message History

Unknown command.
Unknown command.
Unknown command.
Unknown command.
Your water nymph's watery aura covers the stone staircase leading up.
Splash!
You fall into the shallow water.
Moving in this stuff is going to be slow.
Press: ? - help, v - describe, . - travel
Here: a water nymph (friendly, summoned) Some shallow water.
Unknown command.
Splash!
You fall into the shallow water.
Moving in this stuff is going to be slow.
Really walk into a travel-excluded area? [Y]es or [N]o only, please.
Really walk into a travel-excluded area?
Okay, then.
Okay, then.
Unknown command.
You hear the stately tolling of a bell.
Splash!
You fall into the shallow water.
Moving in this stuff is going to be slow.
Press: ? - help, v - describe, . - travel Some shallow water.
Unknown command.
Splash!
You fall into the shallow water.
Moving in this stuff is going to be slow.
Splash!
You fall into the shallow water.
Moving in this stuff is going to be slow.
Splash!
You fall into the shallow water.
Moving in this stuff is going to be slow.
Splash!
You fall into the shallow water.
Moving in this stuff is going to be slow.
Splash!
You fall into the shallow water.
Moving in this stuff is going to be slow.
Splash!
You fall into the shallow water.
Moving in this stuff is going to be slow.
Splash!
You fall into the shallow water.
Moving in this stuff is going to be slow.
Found 10 gold pieces.
A merfolk comes into view. It is wielding a trident.
The merfolk shouts!
Your water nymph dissolves into shadows!
A faun comes into view. It is wielding a spear.
The faun shouts!
The merfolk hits you but does no damage.
Found a leather armour.
You pound the merfolk like an anvil!!!
You kill the merfolk!
Vehumet accepts your kill.
The faun gestures at you while chanting.
You easily resist.
You see here a trident.
The faun unwields an uncursed spear.
The faun wields a runed hunting sling.
The faun shoots a stone.
The stone hits your merfolk!
You hear a splash.
Your merfolk hits the faun from afar with a trident.
The faun shoots a stone.
The stone barely misses you.
Evoke which item? (* to show all) (? for menu, Esc to quit)
Okay, then.
Your merfolk hits the faun from afar with a trident.
Casting: Dazzling Spray
Confirm with . or Enter, or press ? or * to list all spells.
Aiming: Searing Ray
Press: ? - help, Shift-Dir - straight line, f - faun
Aim: a faun, wielding an enchanted hunting sling (lightly wounded)
The searing ray hits the faun.
The faun is moderately wounded. (Press . to maintain the ray.)
The faun shoots a stone.
The stone hits you but does no damage.
Your merfolk hits the faun from afar with a trident!! x2
The faun dies!
Vehumet accepts your kill.
Your merfolk dissolves into shadows!
Really walk into a travel-excluded area?
Okay, then.
You feel very buoyant.
You fly up into the air.
You feel somewhat more hungry.
Really fly into that cloud of freezing vapour?
You are engulfed in freezing vapours.
* * * LOW HITPOINT WARNING * * *
Your merfolk is engulfed in freezing vapours.
Your merfolk dissolves into shadows!
Really fly into that cloud of freezing vapour?
Okay, then.
You are engulfed in freezing vapours.
* * * LOW HITPOINT WARNING * * *
Okay, then.
You feel better.
You are engulfed in freezing vapours.
You die...

,#.≈≈≈≈(≈≈≈.....#*##....≈≈≈≈≈≈≈≈≈
##.≈≈≈..........##...≈≈≈≈≈≈≈≈≈≈≈≈
[..≈≈≈.)..####......≈≈≈≈≈≈≈≈≈≈≈≈≈
≈≈≈≈≈≈≈.######....≈≈≈≈≈≈≈≈≈≈≈≈≈≈≈
≈≈≈≈≈≈..........≈≈≈≈≈≈≈≈≈≈≈≈≈≈≈≈≈
≈...?...........§≈≈≈≈≈≈≈≈≈≈≈≈≈≈≈≈
≈≈.......).§§..§§.§≈≈≈≈≈≈≈≈≈≈≈≈≈≈
≈≈.........§.§§§..§≈≈≈≈≈≈≈≈≈≈≈≈≈≈
≈≈.≈..........§≈@.≈≈≈≈≈≈≈≈≈≈≈≈≈≈≈
≈..≈(......§§≈§§§≈§≈≈≈≈≈≈≈≈≈≈≈≈≈≈
.≈≈$≈[≈......§≈§§§.≈≈≈≈≈≈≈≈≈≈≈≈≈≈
.≈≈.≈.........§≈÷.§§≈≈≈≈≈≈≈≈≈≈≈≈≈
)≈≈..........(§§§§§§.≈≈P≈≈≈≈≈≈≈≈≈
.≈.###....§§§..§§......≈≈≈≈≈≈≈≈≈≈
...###......§...§....P.P≈≈≈≈≈≈≈≈≈
..###....<§§...........≈≈≈≈≈≈≈≈≈≈
..##..≈≈.≈≈≈≈≈....,,≈≈≈≈≈≈≈≈≈≈≈≈≈


There were no monsters in sight!

Vanquished Creatures
  Nessos (D:13)
  The ghost of Kave the Grappler, a journeyman TrTm of Sif Muna (D:12)
  4 merfolk impalers
  3 fire dragons (D:15)
  4 hydras
  A merfolk avatar (Shoals:1)
  Harold (Lair:2)
  A death knight (D:15)
  17 two-headed ogres
  A catoblepas (Lair:5)
  2 ogre magi (Orc:2)
  A tengu warrior (D:15)
  6 death yaks
  4 centaur warriors
  A fire crab (Lair:6)
  6 sea snakes
  2 deep trolls (Orc:2)
  2 unseen horrors
  14 harpies
  3 orc knights
  2 phantasmal warriors (D:15)
  2 ugly things (D:11)
  An orc sorcerer (D:15)
  A deep elf mage (D:12)
  5 fauns (Shoals:1)
  6 cyclopes
  7 manticores
  9 elephants
  2 merfolk sirens
  A torpor snail (Lair:6)
  A water nymph (Shoals:1)
  17 spiny frogs
  2 gargoyles
  4 black mambas
  2 centaur skeletons (D:15)
  6 yaktaurs (D:15)
  2 rime drakes (Lair:4)
  A kobold demonologist (D:15)
  11 komodo dragons
  A tengu conjurer (D:15)
  A freezing wraith (D:15)
  3 meliai (Lair:4)
  A meliai (shapeshifter) (D:13)
  12 trolls
  8 merfolk
  A queen bee (Lair:4)
  6 polar bears
  7 hornets
  A hornet (shapeshifter) (D:15)
  3 wind drakes
  11 hippogriffs
  6 slime creatures
  Prince Ribbit (D:6)
  8 dream sheep
  22 blink frogs
  A harpy skeleton (D:15)
  2 snapping turtles (Shoals:1)
  11 spriggans (Lair:6)
  A vampire (D:13)
  A shadow (D:14)
  3 wyverns
  3 water elementals
  45 yaks
  A wraith (D:15)
  A human (shapeshifter) (D:13)
  A human (D:12)
  5 basilisks
  3 hungry ghosts
  A hog (shapeshifter) (D:13)
  4 nagas (Lair:4)
  Edmund (D:4)
  3 wargs
  3 acid dragons
  Duvessa (D:7)
  11 porcupines
  12 water moccasins
  A phantom (D:8)
  5 ice beasts
  4 sky beasts
  19 orc warriors
  22 ogres
  6 black bears
  4 boggarts (Lair:6)
  A necrophage (D:6)
  24 wolves
  9 centaurs
  22 crocodiles
  Blork the orc (D:6)
  5 big kobolds
  18 bullfrogs
  Dowan (D:7)
  A wyvern skeleton (D:13)
  12 scorpions
  42 killer bees
  5 wights (D:10)
  2 howler monkeys
  3 human zombies (Ossuary)
  5 crimson imps
  3 centaur zombies
  A bullfrog zombie (D:9)
  4 jellies
  A quasit (D:8)
  5 hounds
  A bullfrog skeleton (D:5)
  10 orc priests
  6 iguanas
  18 orc wizards
  A hell rat (Lair:4)
  13 worker ants
  2 big kobold zombies (Ossuary)
  A hound zombie (D:10)
  A hound skeleton (D:6)
  3 mummies (Ossuary)
  A howler monkey skeleton (D:10)
  A worker ant zombie (D:9)
  13 adders
  4 scorpion zombies (Ossuary)
  A shadow imp (D:9)
  An ooze (D:3)
  An adder zombie (D:7)
  An adder skeleton (D:9)
  2 worms (D:2)
  6 dart slugs
  5 leopard geckos
  75 orcs
  A ball python (D:3)
  5 bats
  6 giant cockroaches
  2 goblins
  14 hobgoblins
  3 jackals
  27 kobolds
  4 quokkas
  4 frilled lizards
  A gnoll zombie (Ossuary)
  A hobgoblin zombie (Ossuary)
  A kobold zombie (Ossuary)
  A leopard gecko skeleton (D:5)
  An orc zombie (Ossuary)
  5 rats
832 creatures vanquished.

Vanquished Creatures (collateral kills)
  A faun (Shoals:2)
  A wind drake (Shoals:2)
2 creatures vanquished.

Vanquished Creatures (others)
  A sea snake (Shoals:2)
  An unseen horror (D:12)
  A scorpion (Ossuary)
  A jelly (D:12)
  A gnoll zombie (Ossuary)
  A hobgoblin zombie (Ossuary)
  A bush (Lair:5)
  43 fungi
  16 plants
66 creatures vanquished.

Grand Total: 900 creatures vanquished

Notes
Turn   | Place    | Note
-------+----------+-------------------------------------------
     0 | D:1      | edsrzf the Formicid Conjurer began the quest for the Orb.
     0 | D:1      | Reached XP level 1. HP: 13/13 MP: 3/3
   335 | D:1      | Reached skill level 4 in Conjurations
   335 | D:1      | Reached XP level 2. HP: 19/19 MP: 3/5
   924 | D:2      | Reached skill level 1 in Armour
   924 | D:2      | Reached XP level 3. HP: 24/24 MP: 1/6
   975 | D:2      | Learned a level 2 spell: Searing Ray
  1009 | D:2      | Noticed a phantom
  1497 | D:2      | Reached XP level 4. HP: 30/30 MP: 2/8
  1662 | D:2      | Noticed Sigmund
  2104 | D:3      | Reached skill level 3 in Spellcasting
  2256 | D:3      | Reached skill level 2 in Armour
  2423 | D:3      | Reached XP level 5. HP: 35/35 MP: 6/9
  3132 | D:4      | Found a shimmering altar of Xom.
  3182 | D:4      | Reached XP level 6. HP: 36/41 MP: 4/11
  3189 | D:4      | Reached skill level 3 in Armour
  3233 | D:4      | Identified 2 potions of heal wounds
  3347 | D:4      | Reached skill level 5 in Conjurations
  3410 | D:4      | Reached skill level 4 in Spellcasting
  3684 | D:4      | Noticed Edmund
  3742 | D:4      | Killed Edmund
  3742 | D:4      | Reached XP level 7. HP: 19/46 MP: 3/13
  3828 | D:4      | Reached skill level 4 in Armour
  3984 | D:4      | Found a hazy altar of Hepliaklqana.
  4150 | D:5      | Entered Level 5 of the Dungeon
  4243 | D:5      | Learned a level 3 spell: Dazzling Spray
  4290 | D:5      | Found a sand-covered staircase.
  4294 | Ossuary  | Entered an ossuary
  4406 | Ossuary  | Reached skill level 5 in Spellcasting
  4450 | Ossuary  | Reached XP level 8. HP: 52/52 MP: 8/15
  4514 | Ossuary  | Reached skill level 5 in Armour
  4514 | Ossuary  | Reached skill level 6 in Conjurations
  5446 | Ossuary  | Reached skill level 6 in Armour
  5446 | Ossuary  | Reached skill level 6 in Spellcasting
  5474 | Ossuary  | Identified 4 scrolls of teleportation
  5475 | Ossuary  | Identified 5 scrolls of remove curse
  5500 | Ossuary  | Reached skill level 1 in Fighting
  5679 | D:5      | Reached XP level 9. HP: 61/61 MP: 13/18
  5868 | D:5      | Found an iron altar of Okawaru.
  5924 | D:5      | Identified 4 scrolls of identify
  5924 | D:5      | Identified 2 potions of flight
  5925 | D:5      | Identified a potion of berserk rage
  5926 | D:5      | Identified 3 potions of lignification
  5927 | D:5      | Identified 4 potions of curing
  5941 | D:5      | Found a blossoming altar of Fedhas.
  6059 | D:5      | Noticed a hippogriff
  6077 | D:6      | Noticed Blork the orc
  6083 | D:6      | Killed Blork the orc
  6083 | D:6      | Reached skill level 2 in Fighting
  6125 | D:6      | Got a fine dagger
  6126 | D:6      | Identified the +4 dagger "Orb Guardian's Foe" {pierce, rElec Str-2 Int+7} (You found it on level 6 of the Dungeon)
  6147 | D:6      | Noticed Prince Ribbit
  6173 | D:6      | Killed Prince Ribbit
  6173 | D:6      | Reached skill level 1 in Maces & Flails
  6173 | D:6      | Reached skill level 7 in Conjurations
  6274 | D:6      | Identified 2 potions of brilliance
  6324 | D:6      | Found a burning altar of Makhleb.
  6341 | D:6      | Reached skill level 3 in Fighting
  6341 | D:6      | Reached skill level 2 in Maces & Flails
  6911 | D:6      | Got a pair of transparent boots
  6917 | D:6      | Identified the +1 pair of boots "Ylev Wat" {*Contam +Fly Str-4 Slay+6} (You found it on level 6 of the Dungeon)
  6987 | D:6      | Reached skill level 1 in Shields
  7240 | D:7      | Noticed Duvessa
  7240 | D:7      | Noticed Dowan
  7246 | D:7      | Killed Duvessa
  7246 | D:7      | Reached skill level 2 in Shields
  7251 | D:7      | Killed Dowan
  7357 | D:7      | Found a staircase to the Ecumenical Temple.
  7382 | Temple   | Entered the Ecumenical Temple
  7421 | Temple   | Became a worshipper of Vehumet
  7508 | D:7      | Reached skill level 3 in Maces & Flails
  7508 | D:7      | Reached skill level 3 in Shields
  7515 | D:7      | Found a bloodstained altar of Trog.
  7702 | D:7      | Reached skill level 4 in Fighting
  8040 | D:8      | Reached skill level 4 in Shields
  8056 | D:8      | Identified 2 potions of agility
  8170 | D:8      | Reached XP level 10. HP: 73/73 MP: 12/20
  8175 | D:8      | Noticed a two-headed ogre
  8189 | D:8      | Killed a two-headed ogre
  8189 | D:8      | Reached skill level 5 in Fighting
  8189 | D:8      | Reached skill level 4 in Maces & Flails
  8189 | D:8      | Reached skill level 6 in Shields
  8501 | D:8      | Reached * piety under Vehumet
  8501 | D:8      | Offered knowledge of Sting by Vehumet.
  8549 | D:8      | Reached skill level 7 in Shields
  8893 | D:8      | Reached skill level 5 in Maces & Flails
  9276 | D:8      | Found a staircase to the Lair.
  9371 | D:9      | Reached skill level 6 in Fighting
  9383 | D:9      | Noticed a gargoyle
  9479 | D:8      | Reached skill level 8 in Shields
  9576 | D:9      | Identified 2 potions of magic
  9675 | D:9      | Learned a level 1 spell: Sting
  9686 | D:10     | Entered Level 10 of the Dungeon
  9696 | D:10     | Reached ** piety under Vehumet
  9766 | D:10     | Reached skill level 1 in Poison Magic
  9862 | D:9      | Identified a potion of cancellation
  9888 | D:9      | Offered knowledge of Shock by Vehumet.
  9888 | D:9      | Reached XP level 11. HP: 62/81 MP: 19/21
  9914 | D:9      | Reached skill level 2 in Poison Magic
 10223 | Lair:1   | Entered Level 1 of the Lair of Beasts
 10228 | Lair:1   | Reached skill level 9 in Shields
 10230 | Lair:1   | Reached skill level 6 in Maces & Flails
 10230 | Lair:1   | Reached skill level 3 in Poison Magic
 10455 | Lair:1   | Identified 2 potions of invisibility
 10456 | Lair:1   | Identified 2 potions of haste
 10524 | Lair:1   | HP: 2/83 [komodo dragon (16)]
 11223 | Lair:1   | Identified a potion of mutation
 11241 | Lair:1   | Reached skill level 7 in Fighting
 11677 | Lair:1   | Reached skill level 7 in Armour
 11787 | Lair:1   | Reached skill level 7 in Maces & Flails
 11973 | Lair:1   | You fall through a shaft!
 12326 | Lair:2   | Noticed Harold
 12602 | Lair:1   | Reached skill level 8 in Fighting
 12852 | Lair:2   | Reached skill level 8 in Armour
 13023 | Lair:2   | Reached skill level 7 in Spellcasting
 13026 | Lair:2   | Got a translucent plate armour
 13037 | Lair:2   | Identified the +8 plate armour "Zioq" {Str+9} (You found it on level 2 of the Lair of Beasts)
 13053 | Lair:2   | Reached XP level 12. HP: 75/94 MP: 16/22
 13070 | Lair:2   | Killed Harold
 13070 | Lair:2   | Reached skill level 8 in Maces & Flails
 13121 | Lair:2   | Offered knowledge of Static Discharge by Vehumet.
 13259 | Lair:2   | Reached skill level 9 in Fighting
 13305 | Lair:2   | Noticed Gastronok
 13553 | Lair:2   | Identified a potion of might
 14054 | Lair:3   | Reached skill level 8 in Spellcasting
 14095 | Lair:3   | Reached *** piety under Vehumet
 14095 | Lair:3   | Reached skill level 9 in Maces & Flails
 15523 | Lair:3   | Reached skill level 10 in Fighting
 15806 | Lair:4   | Offered knowledge of Olgreb's Toxic Radiance by Vehumet.
 15891 | Lair:4   | Found a staircase to the Snake Pit.
 16050 | Lair:4   | Reached XP level 13. HP: 76/103 MP: 25/25
 16071 | Lair:4   | Reached skill level 9 in Spellcasting
 16380 | Lair:4   | Reached skill level 9 in Armour
 16384 | Lair:4   | You fall through a shaft for 2 floors!
 16384 | Lair:6   | Entered Level 6 of the Lair of Beasts
 16711 | Lair:6   | Reached **** piety under Vehumet
 16768 | Lair:6   | Reached skill level 10 in Maces & Flails
 16910 | Lair:6   | Offered knowledge of Throw Icicle by Vehumet.
 17096 | Lair:6   | Reached skill level 11 in Fighting
 17288 | Lair:6   | Noticed a five-headed hydra
 17309 | Lair:6   | Killed a five-headed hydra
 17451 | Lair:6   | Reached skill level 10 in Armour
 17489 | Lair:6   | Noticed a five-headed hydra
 17495 | Lair:6   | Killed a five-headed hydra
 17553 | Lair:6   | Reached skill level 10 in Spellcasting
 17783 | Lair:6   | Reached ***** piety under Vehumet
 17888 | Lair:6   | Offered knowledge of Spellforged Servitor by Vehumet.
 17971 | Lair:6   | Reached XP level 14. HP: 76/113 MP: 28/28
 18528 | Lair:5   | Reached skill level 11 in Maces & Flails
 18722 | Lair:5   | Found a viscous altar of Jiyva.
 18722 | Lair:5   | Found a staircase to the Slime Pits.
 18745 | Lair:5   | Reached skill level 11 in Armour
 18841 | Lair:5   | Reached skill level 12 in Fighting
 19312 | Lair:4   | Reached skill level 11 in Spellcasting
 19846 | Lair:4   | You fall through a shaft for 2 floors!
 20858 | Lair:4   | Found a staircase to the Shoals.
 20997 | Lair:4   | Identified a potion of degeneration
 21031 | Lair:4   | Offered knowledge of Lightning Bolt by Vehumet.
 21031 | Lair:4   | Reached XP level 15. HP: 87/122 MP: 30/30
 21494 | Lair:4   | Reached skill level 12 in Maces & Flails
 21741 | D:9      | Identified 6 scrolls of fear
 21743 | D:9      | Identified 4 scrolls of magic mapping
 21744 | D:9      | Identified 4 scrolls of enchant weapon
 21745 | D:9      | Identified 2 scrolls of vulnerability
 21746 | D:9      | Identified 2 scrolls of fog
 21747 | D:9      | Identified 2 scrolls of noise
 21748 | D:9      | Identified 2 scrolls of amnesia
 21916 | D:9      | Reached skill level 12 in Armour
 21960 | D:9      | Found a white marble altar of Elyvilon.
 21964 | D:9      | Found a glowing golden altar of the Shining One.
 21967 | D:9      | Found a sacrificial altar of Ru.
 21970 | D:9      | Found a shadowy altar of Dithmenos.
 22099 | D:10     | Found Xusapeqa's Food Shop.
 22289 | D:10     | You fall through a shaft for 3 floors!
 22936 | D:11     | Reached skill level 13 in Fighting
 23160 | D:11     | Identified a scroll of enchant armour
 23724 | D:12     | Reached skill level 12 in Spellcasting
 24040 | D:12     | Gained mutation: You are frail. (-10% HP) [a neqoxec]
 24046 | D:12     | Lost mutation: You are frail. (-10% HP) [potion of mutation]
 24046 | D:12     | Gained mutation: Your mind is acute. (Int +2) [potion of mutation]
 24046 | D:12     | Lost mutation: Your mind is acute. (Int +2) [potion of mutation]
 24046 | D:12     | Gained mutation: You are agile. (Dex +2) [potion of mutation]
 24047 | D:12     | Noticed Kave's ghost (journeyman TrTm)
 24057 | D:12     | Killed Kave's ghost
 24256 | D:12     | Identified a potion of ambrosia
 24292 | D:12     | Reached ****** piety under Vehumet
 24561 | D:10     | Found a staircase to the Orcish Mines.
 24619 | D:10     | Found a roughly hewn altar of Beogh.
 24629 | D:10     | Offered knowledge of Bolt of Draining by Vehumet.
 25100 | Orc:1    | Entered Level 1 of the Orcish Mines
 25362 | Orc:2    | Entered Level 2 of the Orcish Mines
 25452 | Orc:2    | Found Luomevyt's Food Shop.
 25545 | Orc:2    | Reached skill level 13 in Armour
 25576 | Orc:2    | Reached skill level 13 in Maces & Flails
 25580 | Orc:2    | Reached XP level 16. HP: 24/132 MP: 32/32
 25597 | Orc:2    | Reached skill level 2 in Dodging
 25907 | Orc:2    | Found Buapuec's Weapon Shoppe.
 25909 | Orc:2    | Found Qygrat's Armour Emporium.
 25914 | Orc:2    | Found Juxy's Assorted Antiques.
 25931 | Orc:2    | Bought a scroll of identify for 44 gold pieces
 25931 | Orc:2    | Bought a scroll labeled OLOMIUGR HOTE for 22 gold pieces
 25931 | Orc:2    | Bought a scroll of identify for 44 gold pieces
 25931 | Orc:2    | Bought a scroll labeled XEGY KANIPRA for 22 gold pieces
 25946 | Orc:2    | Found a roughly hewn altar of Beogh.
 26109 | Orc:2    | Reached skill level 14 in Fighting
 26110 | Orc:2    | Found a staircase to the Elven Halls.
 26624 | Orc:1    | Identified 2 scrolls of blinking
 26625 | Orc:1    | Identified 2 scrolls of holy word
 26627 | Orc:1    | Identified a scroll of immolation
 26629 | Orc:1    | Identified 2 scrolls of random uselessness
 26641 | Orc:1    | Found Joxt's Antique Weapon Shoppe.
 26826 | Orc:1    | Offered knowledge of Lee's Rapid Deconstruction by Vehumet.
 26841 | Orc:1    | Learned a level 5 spell: Lee's Rapid Deconstruction
 27323 | D:13     | Noticed Nessos
 27337 | D:13     | Killed Nessos
 27337 | D:13     | Reached skill level 3 in Dodging
 27337 | D:13     | Reached skill level 1 in Earth Magic
 27369 | D:13     | Found a gate to the Vaults.
 27552 | D:13     | Reached skill level 2 in Earth Magic
 28307 | D:14     | Found an opulent altar of Gozag.
 28314 | D:14     | Reached skill level 3 in Earth Magic
 28636 | D:15     | Entered Level 15 of the Dungeon
 28659 | D:15     | Reached skill level 4 in Dodging
 28683 | D:15     | Reached skill level 4 in Earth Magic
 29150 | D:15     | Found a blossoming altar of Fedhas.
 29707 | D:15     | Reached skill level 5 in Earth Magic
 29723 | D:15     | Reached skill level 5 in Dodging
 29952 | D:15     | Found a staircase to the Depths.
 30093 | D:15     | HP: 5/133 [fire dragon/blast of flame (33)]
 31104 | Shoals:1 | Entered Level 1 of the Shoals
 31143 | Shoals:1 | Offered knowledge of Conjure Ball Lightning by Vehumet.
 31152 | Shoals:1 | Reached skill level 1 in Evocations
 31181 | Shoals:1 | Reached skill level 2 in Evocations
 31215 | Shoals:1 | Reached skill level 3 in Evocations
 31663 | Shoals:1 | Reached skill level 4 in Evocations
 31969 | Shoals:1 | Reached skill level 5 in Evocations
 32004 | Shoals:1 | Reached XP level 17. HP: 129/139 MP: 33/33
 32063 | Shoals:1 | Reached skill level 6 in Evocations
 32079 | Shoals:1 | Reached skill level 14 in Maces & Flails
 32502 | Shoals:1 | HP: 2/139 [merfolk impaler/trident of protection (20)]
 33425 | Shoals:2 | Learned a level 3 spell: Regeneration
 33472 | Shoals:2 | Reached skill level 15 in Maces & Flails
 33518 | Shoals:2 | Found a flickering gateway to a bazaar.
 33564 | Shoals:2 | Engulfed by a cloud of freezing vapour

Skill      XL: |  1  2  3  4  5  6  7  8  9 10 11 12 13 14 15 16 17 |
---------------+----------------------------------------------------+-----
Conjurations   | 4 5 6 7 |  7.2
Armour         | 1 2 3 4 6 8 10 11 13 | 13.1
Spellcasting   | 3 4 5 6 7 8 10 11 12 | 12.1
Fighting       | 1 4 6 8 10 11 12 13 14 | 14.1
Maces & Flails | 3 5 7 9 10 11 13 15 | 15.0
Shields        | 4 8 9 |  9.1
Poison Magic   | 1 3 |  3.0
Dodging        | 5 |  5.4
Earth Magic    | 5 |  5.9
Evocations     | 5 6 |  6.1
Stealth        | |  2.4

Action                   |  1- 3 |  4- 6 |  7- 9 | 10-12 | 13-15 | 16-18 || total
-------------------------+-------+-------+-------+-------+-------+-------++-------
Melee: Unarmed           |     6 |    10 |       |       |       |       ||    16
       Flail             |       |       |    45 |    39 |       |       ||    84
       Eveningstar       |       |       |       |   213 |  1214 |   155 ||  1582
       Great mace        |       |       |       |       |       |   443 ||   443
Throw: Throwing net      |       |       |       |       |       |     1 ||     1
 Cast: Magic Dart        |    57 |   103 |   112 |   113 |    42 |     3 ||   430
       Searing Ray       |     2 |    11 |    47 |    78 |    26 |     3 ||   167
       Dazzling Spray    |       |       |       |       |       |     3 ||     3
 Abil: Shaft Self        |       |       |       |     1 |     2 |       ||     3
       Dig               |       |       |       |       |     2 |     2 ||     4
       Evoke Flight      |       |       |       |       |       |     5 ||     5
       Stop Flying       |       |       |       |       |       |     1 ||     1
Evoke: Wand              |       |       |       |       |     3 |       ||     3
  Use: Potion            |       |     1 |     1 |     4 |     4 |    11 ||    21
       Scroll            |       |       |     8 |     7 |    15 |    19 ||    49
 Stab: Sleeping          |       |     1 |       |       |       |       ||     1
       Distracted        |       |       |       |       |     1 |       ||     1
       Held in net/web   |       |       |       |       |       |     1 ||     1
  Eat: Chunk             |     3 |     6 |     8 |    16 |    27 |    17 ||    77
       Ration            |       |       |     2 |     3 |     2 |     3 ||    10
Armor: Robe              |     1 |     8 |       |       |       |       ||     9
       Pearl dragon scal |       |       |   109 |   151 |       |       ||   260
       Plate armour      |       |       |       |    91 |   613 |   388 ||  1092
Dodge: Dodged            |     8 |    40 |    75 |   134 |   306 |   210 ||   773
Block: Shield            |       |       |       |   164 |   696 |   389 ||  1249
